 Dungeon Sprint DCSS version 0.21.1-1-g345015f (webtiles) character file.

3400000 Fang the Axe Maniac (level 21, -114/224 HPs)
             Began as a Minotaur Gladiator on May 3, 2018.
             Was the Champion of Makhleb.
             Annihilated by a large bag of meat
             ... wielding a +9 giant spiked club
              (115 damage)
             ... in the Dungeon (Sprint VIII: "Arena of Blood").
             The game lasted 00:00:29 (34 turns).

Fang the Axe Maniac (Minotaur Gladiator)              Turns: 34, Time: 00:00:29

Health: -114/224   AC:  6    Str: 27    XL:     21   Next: 27%
Magic:  18/44      EV: 31    Int:  5    God:    Makhleb [******]
Gold:   0          SH:  0    Dex: 14    Spells: 60/60 levels left

rFire    . . .     SeeInvis .   l - +∞ Axe of Woe
rCold    . . .     Gourm    .   (shield currently unavailable)
rNeg     . . .     Faith    .   b - +0 leather armour
rPois    .         Spirit   .   c - +0 hat
rElec    .         Reflect  .   (no cloak)
rCorr    .         Harm     .   (no gloves)
MR       +....     NoTele   +   (no boots)
Stlth    +++++++++.             (no amulet)
HPRegen  0.47/turn              (no ring)
MPRegen  0.29/turn              (no ring)

@: no status effects
A: retaliatory headbutt, horns 2
a: Minor Destruction, Lesser Servant of Makhleb, Major Destruction, Greater
Servant of Makhleb, Renounce Religion


You were in the Dungeon.
You worshipped Makhleb.
Makhleb was exalted by your worship.
You were not hungry.

You visited 1 branch

Inventory:

Hand Weapons
 a - a +0 war axe
 l - the +∞ Axe of Woe (weapon)
   (You found it in the Dungeon)
Missiles
 d - 3 throwing nets (quivered)
Armour
 b - a +0 leather armour (worn)
 c - a +0 hat (worn)
Scrolls
 k - a scroll of blinking
Potions
 e - a potion of curing
 g - a potion of heal wounds
 h - a potion of haste
 i - 2 potions of magic
 j - a potion of berserk rage
Comestibles
 f - a ration


   Skills:
 O Level 27 Fighting
 O Level 27 Axes
 O Level 27 Throwing
 O Level 27 Armour
 O Level 27 Dodging
 O Level 27 Stealth
 O Level 27 Unarmed Combat
 + Level 20.2 Spellcasting
 + Level 26.9 Invocations


You had 60 spell levels left.
You didn't know any spells.

Dungeon Overview and Level Annotations

Branches:
Dungeon (1/1)

Altars:
Makhleb


Innate Abilities, Weirdness & Mutations

You reflexively headbutt those who attack you in melee.
You have a pair of horns on your head.


Message History

You feel stronger.
You are engulfed in blazing flames.
You hear a shout! x3
The meat berserker rages.
The destroyer blinks!
A bag of meat comes into view. It is wielding a +9 war axe.
An ogre and a vampire knight come into view.
The destroyer is wielding a +9 great sword of slicing.
You are engulfed in blazing flames.
The destroyer shouts!
The meat berserker shouts!
The meat berserker is engulfed in blazing flames.
The meat berserker hits you but does no damage.
You hear a shout! x3
The sculptor of flesh appears out of thin air!
A sculptor of flesh comes into view. It is wielding a +9 great sword.
The large bag of meat hits you with a +9 giant spiked club!!!!
* * * LOW HITPOINT WARNING * * *
The large bag of meat hits you with a +9 giant spiked club!!!!
Ouch! That really hurt!
You die...

o....o ..... .......
.o....... #O.o...
#.o.....# V..#..o
#.......#
#......###oo.....###.
o.....oo§...###......
....#o§§§...._......
.#..OO@§.#)....#
........O)#_.<._#
..#.....)V#...).#.
....#...))))._.......
........))o)###......
.......###§......###.
O...... #..§....#
...... #.z.....#
...... .........


You could see 2 destroyers, a sculptor of flesh (wandering), a large bag of meat
(inner flame), 4 meat berserkers and 12 bags of meat.

Vanquished Creatures
  A vampire knight (D)
  7 ogres (D)
  A two-headed ogre (D)
  14 orcs (D)
23 creatures vanquished.

Notes
Turn   | Place    | Note
-------+----------+-------------------------------------------
     0 | D        | Found the +∞ Axe of Woe
     0 | D        | Fang the Minotaur Gladiator began the quest for the Orb.
     0 | D        | Reached XP level 1. HP: 18/18 MP: 0/0
     3 | D        | Noticed a bag of meat
     3 | D        | Noticed a bag of meat
     4 | D        | Became a worshipper of Makhleb the Destroyer
     5 | D        | Killed a bag of meat
     5 | D        | Reached XP level 2. HP: 41/41 MP: 1/1
     5 | D        | Reached XP level 3. HP: 48/48 MP: 2/2
     5 | D        | Reached XP level 4. HP: 56/56 MP: 3/3
     5 | D        | Reached XP level 5. HP: 62/62 MP: 4/4
     5 | D        | Reached XP level 6. HP: 70/70 MP: 5/5
     5 | D        | Reached XP level 7. HP: 77/77 MP: 6/6
     5 | D        | Reached XP level 8. HP: 83/83 MP: 7/7
     5 | D        | Reached XP level 9. HP: 90/90 MP: 8/8
     5 | D        | Reached XP level 10. HP: 97/97 MP: 9/9
     5 | D        | Reached XP level 11. HP: 104/104 MP: 10/10
     7 | D        | Noticed a meat berserker
     7 | D        | Noticed a bag of meat
     7 | D        | Noticed a bag of meat
     9 | D        | Killed a meat berserker
     9 | D        | Reached * piety under Makhleb
     9 | D        | Reached XP level 12. HP: 87/118 MP: 11/11
     9 | D        | Reached XP level 13. HP: 92/125 MP: 12/12
    10 | D        | Noticed a meat berserker
    11 | D        | Noticed a bag of meat
    11 | D        | Noticed a bag of meat
    12 | D        | Killed a bag of meat
    12 | D        | Reached skill level 15 in Fighting
    12 | D        | Reached XP level 14. HP: 101/135 MP: 13/13
    13 | D        | Noticed a meat berserker
    13 | D        | Noticed a bag of meat
    14 | D        | Killed a bag of meat
    14 | D        | Reached skill level 27 in Axes
    15 | D        | Noticed a bag of meat
    15 | D        | Noticed a bag of meat
    15 | D        | Killed a bag of meat
    15 | D        | Reached ** piety under Makhleb
    15 | D        | Reached skill level 27 in Dodging
    15 | D        | Reached XP level 15. HP: 155/155 MP: 14/14
    15 | D        | Killed a meat berserker
    16 | D        | Noticed a meat berserker
    16 | D        | Reached XP level 16. HP: 182/182 MP: 15/15
    17 | D        | Killed a meat berserker
    17 | D        | Reached *** piety under Makhleb
    17 | D        | Reached skill level 27 in Fighting
    17 | D        | Reached skill level 27 in Throwing
    19 | D        | Killed a meat berserker
    19 | D        | Reached skill level 10 in Unarmed Combat
    19 | D        | Reached XP level 17. HP: 191/191 MP: 15/26
    19 | D        | Reached skill level 10 in Stealth
    21 | D        | Noticed a meat berserker
    21 | D        | Reached **** piety under Makhleb
    21 | D        | Reached skill level 15 in Armour
    23 | D        | Noticed a large bag of meat
    23 | D        | Reached skill level 15 in Unarmed Combat
    23 | D        | Reached skill level 10 in Spellcasting
    23 | D        | Reached XP level 18. HP: 158/200 MP: 15/31
    23 | D        | Reached skill level 15 in Invocations
    23 | D        | Reached skill level 15 in Stealth
    24 | D        | Noticed a meat berserker
    24 | D        | Reached ***** piety under Makhleb
    26 | D        | Noticed a large bag of meat
    26 | D        | Killed a meat berserker
    26 | D        | Reached XP level 19. HP: 207/207 MP: 16/36
    27 | D        | Reached skill level 15 in Spellcasting
    28 | D        | Noticed a destroyer
    28 | D        | Killed a meat berserker
    29 | D        | Noticed a meat berserker
    30 | D        | Noticed a meat berserker
    30 | D        | Killed a destroyer
    30 | D        | Reached XP level 20. HP: 216/216 MP: 17/40
    30 | D        | Reached skill level 27 in Armour
    32 | D        | Noticed a meat berserker
    32 | D        | Noticed a destroyer
    33 | D        | Killed a meat berserker
    33 | D        | Reached ****** piety under Makhleb
    33 | D        | Reached skill level 27 in Stealth
    33 | D        | Killed a large bag of meat
    33 | D        | Reached skill level 27 in Unarmed Combat
    33 | D        | Reached XP level 21. HP: 144/224 MP: 17/44
    34 | D        | Noticed a destroyer
    34 | D        | HP: 1/224 [large bag of meat/+9 giant spiked club (106)]
    34 | D        | Annihilated by a large bag of meat

Skill      XL: |  1  2  3  4  5  6  7  8  9 10 11 12 13 14 15 16 17 18 19 20 |
---------------+-------------------------------------------------------------+-----
Fighting       | 12 14 15 20 26 27 | 27.0
Axes           | 20 25 26 27 | 27.0
Throwing       | 9 12 13 16 22 27 | 27.0
Dodging        | 19 23 24 27 | 27.0
Armour         | 11 16 22 26 27 | 27.0
Stealth        | 9 13 18 21 27 | 27.0
Unarmed Combat | 10 15 20 24 27 | 27.0
Spellcasting   | 6 10 14 17 20 | 20.2
Invocations    | 9 14 19 23 26 | 26.9

Action                   |  1- 3 |  4- 6 |  7- 9 | 10-12 | 13-15 | 16-18 | 19-21 || total
-------------------------+-------+-------+-------+-------+-------+-------+-------++-------
Melee: Executioner's axe |     1 |       |       |     1 |     4 |     6 |     5 ||    17
Armor: Leather armour    |       |       |       |       |       |       |     1 ||     1
Dodge: Dodged            |       |       |       |       |       |     2 |       ||     2
